Map: [ESL] Site Delta

Players

Fjant - Winner!

  • Race: Zerg Zerg
  • League: Grandmaster
  • Spawn Location: 5:00

Highdra

  • Race: Protoss Protoss
  • Spawn Location: 11:00

Event: HomeStory Cup XXV

VOD

Have the link to the VOD?

Description

Time

  • Played on: June 21, 2024, 9:16 a.m.
  • Length: 9:35

All games in this series

Show
View Real Time Build Order
Export as new Build Order

Fjant Zerg - Winner!

Build Orders: Hatch First 

Get SALT Encoding   

  12  0:00  Drone  
  13  0:07  Drone  
  13  0:14  Drone, Extractor  
  15  0:35  Hatchery  
  15  0:41  Drone, Extractor  
  15  0:48  Overlord  
  15  1:07  Spawning Pool  
  15  1:08  Drone  
  15  1:13  Drone  
  15  1:15  Drone  
  17  1:21  Drone  
  18  1:29  Drone  
  19  1:41  Drone  
  20  1:48  Drone  
  20  1:53  Queen  
  20  1:54  Queen  
  23  1:55  Drone  
  23  1:58  Zergling x2  
  27  2:02  Overlord  
  27  2:09  Drone  
  28  2:21  Drone x2  
  30  2:25  Drone  
  30  2:29  Queen x2  
  33  2:31  Drone  
  33  2:34  Extractor  
  33  2:35  Drone  
  36  2:44  Overlord  
  36  2:48  Hatchery  
  35  2:55  Zergling x2  
  36  3:02  Overlord  
  36  3:05  Zergling x4  
  37  3:12  Drone  
  38  3:13  Drone x5  
  38  3:17  Overlord  
  43  3:20  Queen  
  43  3:25  Queen  
  47  3:27  Drone  
  47  3:29  Drone  
  49  3:34  Overlord  
  49  3:38  Drone x2  
  49  3:39  Drone  
  52  3:41  Drone  
  52  3:43  Drone  
  52  3:46  Drone x2  
  56  3:51  Overlord  
  56  3:54  Spore Crawler  
  55  3:56  Drone  
  55  3:59  Queen  
  55  4:02  Metabolic Boost  
  58  4:08  Drone x2  
  60  4:12  Zergling x4  
  60  4:13  Drone  
  63  4:19  Drone  
  63  4:20  Evolution Chamber  
  63  4:22  Spore Crawler  
  63  4:23  Drone x3  
  65  4:27  Drone x2  
  67  4:36  Drone x2, Overlord  
  67  4:38  Overlord  
  69  4:45  Drone, Overlord  
  70  4:47  Zerg Melee Weapons Level 1  
  70  4:49  Overlord  
  70  4:50  Overlord  
  70  4:55  Drone x2  
  70  4:58  Drone x6  
  70  4:59  Overlord  
  78  5:04  Extractor  
  77  5:10  Zergling x2  
  77  5:11  Zergling x2  
  77  5:13  Drone x6  
  85  5:18  Hatchery  
  84  5:25  Overlord  
  84  5:28  Drone  
  81  5:30  Hatchery  
  81  5:32  Drone x5  
  81  5:33  Drone x3  
  81  5:34  Hatchery  
  89  5:39  Lair  
  89  5:43  Extractor  
  89  5:46  Roach Warren  
  89  5:49  Extractor  
  86  5:50  Extractor  
  86  5:52  Spore Crawler, Extractor  
  86  5:53  Drone x4  
  86  5:54  Drone  
  86  5:56  Drone x2  
  90  6:11  Drone  
  91  6:15  Drone  
  91  6:17  Zergling x14  
  99  6:20  Zergling x2  
  99  6:21  Zergling x4  
  99  6:22  Hatchery, Zergling x2  
  102  6:27  Zergling x6  
  105  6:33  Zergling x10  
  105  6:36  Glial Reconstitution  
  105  6:38  Drone  
  110  6:40  Zergling x4, Baneling Nest  
  110  6:43  Zerg Melee Weapons Level 2  
  111  6:48  Zergling x4  
  111  6:51  Zergling x6  
  111  6:52  Zergling x2  
  116  6:55  Zergling x4  
  116  7:01  Overlord  
  113  7:12  Roach  
  113  7:13  Roach x7  
  120  7:15  Zergling x2  
  120  7:16  Zergling x2  
  120  7:19  Overlord  
  120  7:20  Roach x2  
  120  7:21  Roach  
  128  7:23  Roach  
  128  7:24  Roach  
  128  7:25  Roach x3  
  128  7:28  Roach x2  
  142  7:30  Baneling x10  
  142  7:33  Overlord  
  142  7:35  Overlord  
  142  7:38  Ravager x7  
  149  7:46  Overlord  
  144  7:52  Roach x7  
  149  7:59  Roach x5  
  149  8:00  Zergling x4  
  148  8:08  Zergling x12  
  133  8:13  Zergling x6  
  133  8:15  Zergling x2  
  133  8:16  Zergling x6  
  133  8:18  Zergling x2  
  133  8:19  Zergling x4  
  135  8:22  Zergling x4  
  135  8:23  Zergling x4  
  135  8:26  Zergling x10  
  135  8:28  Zergling x4  
  135  8:34  Zergling x4  
  123  8:35  Roach x3  
  123  8:38  Roach  
  123  8:39  Roach  
  119  8:44  Roach x3  
  119  8:45  Roach  
  127  8:51  Roach x4  
  127  8:54  Drone x2  
  136  8:57  Drone  
  136  8:58  Drone  
  136  8:59  Ravager x6  
  136  9:01  Roach  
  146  9:06  Roach x3  
  152  9:11  Zergling x8  
Show
View Real Time Build Order
Export as new Build Order

Highdra Protoss 

Build Orders: 1 Gate Expand, Oracle Opening 

Get SALT Encoding   

  12  0:00  Probe  
  13  0:12  Probe  
  14  0:21  Pylon  
  14  0:25  Probe  
  15  0:39  Probe (Chrono Boost)  
  16  0:45  Gateway  
  16  0:48  Probe (Chrono Boost)  
  17  0:53  Assimilator, Probe  
  18  1:06  Probe  
  19  1:18  Probe  
  20  1:26  Nexus  
  20  1:36  Cybernetics Core  
  20  1:39  Probe  
  21  1:43  Assimilator  
  21  1:51  Probe  
  22  1:55  Pylon  
  22  2:03  Probe  
  23  2:11  Adept (Chrono Boost)  
  26  2:15  Probe  
  26  2:23  Stargate  
  26  2:28  Probe (Chrono Boost)  
  27  2:31  Adept (Chrono Boost)  
  27  2:36  Warp Gate  
  29  2:38  Probe (Chrono Boost)  
  31  2:45  Probe (Chrono Boost)  
  31  2:47  Probe (Chrono Boost)  
  32  2:52  Probe x2 (Chrono Boost)  
  32  2:53  Adept  
  36  3:04  Probe x2  
  38  3:08  Oracle (Chrono Boost)  
  41  3:14  Pylon  
  41  3:16  Probe x2  
  43  3:28  Probe  
  43  3:29  Probe  
  45  3:38  Nexus  
  45  3:40  Pylon  
  45  3:43  Probe x2  
  45  3:46  Oracle (Chrono Boost)  
  47  3:55  Probe x2  
  52  4:00  Pylon  
  52  4:07  Probe x2  
  54  4:16  Oracle  
  57  4:19  Probe x2  
  57  4:21  Shield Battery  
  59  4:24  Forge, Twilight Council  
  59  4:27  Assimilator  
  59  4:29  Assimilator  
  59  4:31  Probe x2  
  59  4:35  Gateway  
  59  4:37  Protoss Ground Weapons Level 1  
  61  4:42  Pylon  
  61  4:43  Probe x2  
  63  4:51  Adept  
  63  4:52  Blink (Chrono Boost)  
  65  4:53  Probe  
  65  4:55  Probe  
  65  4:56  Probe  
  68  5:05  Probe  
  69  5:07  Probe  
  69  5:08  Pylon, Probe  
  71  5:17  Probe  
  71  5:20  Probe x2  
  70  5:29  Gateway, Probe  
  70  5:31  Gateway  
  70  5:32  Probe x2  
  70  5:34  Gateway  
  71  5:39  Gateway  
  71  5:40  Gateway  
  71  5:42  Gateway  
  72  5:47  Stalker x2  
  72  5:49  Pylon  
  75  5:54  Pylon  
  75  6:02  Pylon  
  75  6:03  Photon Cannon  
  75  6:07  Pylon  
  75  6:08  Gateway  
  75  6:10  Stalker x2  
  79  6:14  Oracle (Chrono Boost)  
  82  6:24  Stalker  
  84  6:28  Shield Battery, Stalker x2  
  88  6:33  Stalker x2  
  88  6:36  Stalker x2, Pylon  
  88  6:38  Stalker  
  98  6:59  Stalker x5  
  98  7:00  Stalker x2  
  98  7:01  Stalker  
  114  7:14  Pylon  
  114  7:15  Protoss Ground Armor Level 1 (Chrono Boost)  
  112  7:19  Stalker  
  112  7:20  Charge (Chrono Boost)  
  112  7:21  Pylon  
  114  7:26  Stalker x2  
  114  7:27  Stalker, Zealot x4  
  128  7:34  Gateway, Shield Battery  
  128  7:42  Stalker  
  130  7:53  Stalker x4  
  130  7:55  Stalker  
  104  8:14  Stalker x4  
  66  8:44  Stalker x2  
  66  8:45  Stalker x5  
  66  8:46  Zealot x3  
  72  9:07  Zealot x4  
  72  9:08  Zealot x2  
  72  9:09  Sentry  
  86  9:11  Sentry  
Tags
 
Add a new tag
Caveats
  • Supply blocks, unpowered buildings, or Contaminate may cause inaccurate times.
  • Supply counts are checked every 10 seconds.